 Dungeon Crawl Stone Soup version 0.30-a0-219-gf2db51d15e (webtiles) character file.

Game seed: 17603698662817376575

46 BlueGoblin the Vexing (level 3, 0/39 HPs)
             Began as a Demonspawn Hexslinger on Oct 7, 2022.
             Succumbed to an adder's poison
             ... on level 2 of the Dungeon.
             The game lasted 00:02:37 (947 turns).

BlueGoblin the Vexing (Demonspawn Hexslinger)        Turns: 947, Time: 00:02:37

Health: 0/39       AC: 21    Str: 10    XL:     3   Next: 44%
Magic:  2/5        EV:  2    Int: 16    God:
Gold:   56         SH:  0    Dex: 13    Spells: 4/5 levels left

rFire   . . .      SeeInvis .    b - +0 dagger
rCold   . . .      Faith    .    (no shield)
rNeg    . . .      Spirit   .    (body armour currently unavailable)
rPois   +          Reflect  .    (helmet currently unavailable)
rElec   .          Harm     .    (cloak currently unavailable)
rCorr   .          Rampage  .    (gloves currently unavailable)
Will    .....      NoTele   +    (boots currently unavailable)
Stlth   +.........               (no amulet)
HPRegen 0.26/turn                (no ring)
MPRegen 0.09/turn                (no ring)

@: mighty, lethally poisoned (0 -> -1), tree-form, attractive
A: stationary, stasis, torment immunity, boosted hp, (slimy green scales 1)
a: no special abilities


You were on level 2 of the Dungeon.
You were a tree.
You visited 1 branch of the dungeon, and saw 2 of its levels.

You collected 56 gold pieces.

Inventory:

Hand Weapons
 a - a +1 sling
 b - a +0 dagger (weapon)
Armour
 c - a +0 robe (melded)
Scrolls
 e - a scroll of poison
 k - 2 scrolls of magic mapping
Potions
 d - 2 potions of degeneration
 h - 2 potions of flight


   Skills:
 + Level 1.4 Fighting
 + Level 0.2 Short Blades
 - Level 1.9 Ranged Weapons
 + Level 2.1 Dodging
 + Level 1.6 Spellcasting
 + Level 3.7 Hexes


You had 4 spell levels left.
You knew the following spells:

 Your Spells              Type           Power      Damage    Failure   Level
a - Slow                  Hex            52%        N/A       4%          1

Your spell library contained the following spells:

 Spells                   Type           Power      Damage    Failure   Level
 Inner Flame              Hex/Fire       7%         N/A       30%         3
 Portal Projectile        Hex/Tloc       14%        N/A       30%         3
 Cause Fear               Hex            6%         N/A       43%         4


Dungeon Overview and Level Annotations

Branches:
Dungeon (2/15)

Altars:


Innate Abilities, Weirdness & Mutations

You are a tree.
Your roots penetrate the ground, keeping you stationary.
You cannot be teleported.
You are immune to unholy pain and torment.
Your maximum health is greatly increased.
Your equipment is partially melded.
((You are partially covered in slimy green scales. (AC +2)))


Message History

* * * LOW HITPOINT WARNING * * *
You have reached level 3!
Your experience leads to an increase in your attributes!
Increase (S)trength, (I)ntelligence, or (D)exterity?
You feel clever. x2
You are too injured to fight recklessly!
You are too injured to fight recklessly!
You closely miss the adder. The adder bites you but does no damage.
You barely miss the adder. The adder bites you.
* * * LOW HITPOINT WARNING * * *
You puncture the adder!
The adder is almost dead.
The adder bites you.
* * * LOW HITPOINT WARNING * * *
You are lethally poisoned!
The adder poisons you! The adder bites you but does no damage.
You closely miss the adder.
The adder is almost dead.
* * * LOW HITPOINT WARNING * * *
You feel sick. The adder bites you but does no damage.
You barely miss the adder.
The adder is almost dead.
* * * LOW HITPOINT WARNING * * *
You feel sick. The adder bites you but does no damage.
Casting: Slow (safe; 4% risk of failure)
Confirm with . or Enter, or press ? or * to list all spells.
Okay, then.
Unknown command.
You puncture the adder!
You kill the adder!
* * * LOW HITPOINT WARNING * * *
You feel sick.
You puncture the hobgoblin!
You kill the hobgoblin!
* * * LOW HITPOINT WARNING * * *
You feel sick.
A giant cockroach comes into view.
The giant cockroach is attracted toward you.
Okay, then.
You die...

*,,** #...,* ** *,,,** #....* *
**,*,,******* #....##### **
,*,**,,,,,,,* ****#....##..###**,
,,,,,,,.,,,,***,,,,..........,,**
,,,,,,,...,,,,,,**####.....####**
,,,,,,,..§.#***,,,............###
,,,,,,,.....B#########..†..##<...
*,,,,,,........†♣.........†######
***,,,,........####$$...##.......
*,,,,..!#......>......##.######
*,,,,.,,#..#...!....#.#..# **,
*,,,,,,,#..#...$....#...## **,,
**,,,,,,,#...).......##..# *,,*
*,,,,,,,,............#*..# **,**
**,,,,,,,...#.........##..#**,,*
**,,,,,,,,*,#..##....##,...,,,**


You could see a giant cockroach (wandering).

Vanquished Creatures
  2 adders (D:2)
  A dart slug (D:1)
  6 endoplasms
  5 goblins (D:1)
  A hobgoblin (D:2)
  A quokka (D:1)
  4 ball pythons (D:1)
  4 bats
  A frilled lizard (D:1)
25 creatures vanquished.

Notes
Turn   | Place    | Note
-------+----------+-------------------------------------------
     0 | D:1      | BlueGoblin the Demonspawn Hexslinger began the quest for
                  | the Orb.
     0 | D:1      | Reached XP level 1. HP: 15/15 MP: 2/2
    23 | D:1      | Found a faded altar of an unknown god.
   290 | D:1      | Gained mutation: You are partially covered in slimy green
                  | scales. (AC +2) [demonic ancestry]
   290 | D:1      | Reached XP level 2. HP: 21/21 MP: 1/3
   939 | D:2      | Reached XP level 3. HP: 7/26 MP: 1/5
   944 | D:2      | HP: 1/39 [poisoned by an adder]
   947 | D:2      | Succumbed to an adder's poison

Illustrated notes

Levels and vault maps discovered:
D:1:      roderic_crop_circles_arrival_small, layout_loops_ring,
          basic_ecumenical_altar
D:2:      layout_rooms, minmay_puff, uniq_terence, uniq_crazy_yiuf_cottage,
          uniq_robin

Skill      XL: |  1  2 |
---------------+-------+-----
Dodging        | 2 |  2.1
Fighting       | |  1.4
Short Blades   | |  0.2
Ranged Weapons | |  1.9
Spellcasting   | |  1.6
Hexes          | |  3.7

Action                   || total
-------------------------++-------
Melee: Dagger            ||    81
       Punch             ||     2
 Fire: Sling             ||    13
 Cast: Slow              ||    28
  Use: Scroll            ||     3
       Potion            ||     3
Armor: Robe              ||    25
       Skin              ||     8
Dodge: Dodged            ||    49

Table legend: (Time is in decaauts)
 A = Elapsed time spent in this place.
 B = Non-inter-level travel time spent in this place.
 C = Inter-level travel time spent in this place.
 D = Time resting spent in this place.
 E = Time spent auto-exploring this place.
 F = Levels seen in this place.
 G = Mean time per level.
                   A        B        C        D        E       F      G
               +--------+--------+--------+--------+--------+-----+--------+
         Total |    950 |    913 |     37 |      0 |    710 |   2 |  475.0 |
       Dungeon |    950 |    913 |     37 |      0 |    710 |   2 |  475.0 |
               +--------+--------+--------+--------+--------+-----+--------+

Top non-repeatable levels by time:
     D:1: 872 daAuts
     D:2: 77 daAuts
